Workbook

Sheet How to use
B1: Pet Waste Removal Pricing Calculator
B2: A free pricing calculator for pet waste removal: price plans by dogs, frequency, and drive time with margin in Google Sheets or Excel.
B4: Quick start
A5: 1 | B5: Open the Plans tab and replace the sample rows with your own — one row per entry. Formulas fill in automatically for new rows.
A6: 2 | B6: Visits per month: weekly is 4.33. Time a few yards per plan and keep drive minutes honest.
A7: 3 | B7: Route density is the business: price newer areas higher until they fill in.
A8: 4 | B8: Keep a backup copy before restructuring columns; renaming a header is safe, deleting a column used in formulas is not.
B10: Colour key
B11: Yellow cells: type your numbers here.
B12: Grey cells: calculated automatically. Leave them alone.
B13: Red highlight: overdue or below a limit. Needs attention.
B14: Amber highlight: getting close. Check soon.
B16: Sample rows are examples. Overwrite or delete them. Formulas extend to new rows automatically. Works in Excel and Google Sheets (File → Import).

Sheet Plans
A1: Plan | B1: Visits per month | C1: Dogs | D1: Minutes per visit | E1: Price per visit | F1: Monthly price | G1: Monthly cost | H1: Monthly profit | I1: Margin
A2: Weekly, 1 dog | B2: 4.33 | C2: 1 | D2: 10 | E2: 16 | F2: =IF($A2="","",(B2*E2)) -> 69.28 | G2: =IF($A2="","",(B2*((((D2+'Costs'!$B$4)/60)*'Costs'!$B$3)+'Costs'!$B$5))) -> 38.97 | H2: =IF($A2="","",(F2-G2)) -> 30.31 | I2: =IF($A2="","",IFERROR((H2/F2),0)) -> 0.4375
A3: Weekly, 2 dogs | B3: 4.33 | C3: 2 | D3: 13 | E3: 19 | F3: =IF($A3="","",(B3*E3)) -> 82.27 | G3: =IF($A3="","",(B3*((((D3+'Costs'!$B$4)/60)*'Costs'!$B$3)+'Costs'!$B$5))) -> 45.032 | H3: =IF($A3="","",(F3-G3)) -> 37.238 | I3: =IF($A3="","",IFERROR((H3/F3),0)) -> 0.45263158
A4: Weekly, 3 dogs | B4: 4.33 | C4: 3 | D4: 16 | E4: 22 | F4: =IF($A4="","",(B4*E4)) -> 95.26 | G4: =IF($A4="","",(B4*((((D4+'Costs'!$B$4)/60)*'Costs'!$B$3)+'Costs'!$B$5))) -> 51.094 | H4: =IF($A4="","",(F4-G4)) -> 44.166 | I4: =IF($A4="","",IFERROR((H4/F4),0)) -> 0.46363636
A5: Twice weekly, 2 dogs | B5: 8.67 | C5: 2 | D5: 10 | E5: 15 | F5: =IF($A5="","",(B5*E5)) -> 130.05 | G5: =IF($A5="","",(B5*((((D5+'Costs'!$B$4)/60)*'Costs'!$B$3)+'Costs'!$B$5))) -> 78.03 | H5: =IF($A5="","",(F5-G5)) -> 52.02 | I5: =IF($A5="","",IFERROR((H5/F5),0)) -> 0.4
A6: Every 2 weeks, 1 dog | B6: 2.17 | C6: 1 | D6: 15 | E6: 22 | F6: =IF($A6="","",(B6*E6)) -> 47.74 | G6: =IF($A6="","",(B6*((((D6+'Costs'!$B$4)/60)*'Costs'!$B$3)+'Costs'!$B$5))) -> 24.593333 | H6: =IF($A6="","",(F6-G6)) -> 23.146667 | I6: =IF($A6="","",IFERROR((H6/F6),0)) -> 0.48484848
F7: =IF($A7="","",(B7*E7)) | G7: =IF($A7="","",(B7*((((D7+'Costs'!$B$4)/60)*'Costs'!$B$3)+'Costs'!$B$5))) | H7: =IF($A7="","",(F7-G7)) | I7: =IF($A7="","",IFERROR((H7/F7),0))
F8: =IF($A8="","",(B8*E8)) | G8: =IF($A8="","",(B8*((((D8+'Costs'!$B$4)/60)*'Costs'!$B$3)+'Costs'!$B$5))) | H8: =IF($A8="","",(F8-G8)) | I8: =IF($A8="","",IFERROR((H8/F8),0))
F9: =IF($A9="","",(B9*E9)) | G9: =IF($A9="","",(B9*((((D9+'Costs'!$B$4)/60)*'Costs'!$B$3)+'Costs'!$B$5))) | H9: =IF($A9="","",(F9-G9)) | I9: =IF($A9="","",IFERROR((H9/F9),0))
F10: =IF($A10="","",(B10*E10)) | G10: =IF($A10="","",(B10*((((D10+'Costs'!$B$4)/60)*'Costs'!$B$3)+'Costs'!$B$5))) | H10: =IF($A10="","",(F10-G10)) | I10: =IF($A10="","",IFERROR((H10/F10),0))
F11: =IF($A11="","",(B11*E11)) | G11: =IF($A11="","",(B11*((((D11+'Costs'!$B$4)/60)*'Costs'!$B$3)+'Costs'!$B$5))) | H11: =IF($A11="","",(F11-G11)) | I11: =IF($A11="","",IFERROR((H11/F11),0))
F12: =IF($A12="","",(B12*E12)) | G12: =IF($A12="","",(B12*((((D12+'Costs'!$B$4)/60)*'Costs'!$B$3)+'Costs'!$B$5))) | H12: =IF($A12="","",(F12-G12)) | I12: =IF($A12="","",IFERROR((H12/F12),0))
F13: =IF($A13="","",(B13*E13)) | G13: =IF($A13="","",(B13*((((D13+'Costs'!$B$4)/60)*'Costs'!$B$3)+'Costs'!$B$5))) | H13: =IF($A13="","",(F13-G13)) | I13: =IF($A13="","",IFERROR((H13/F13),0))
F14: =IF($A14="","",(B14*E14)) | G14: =IF($A14="","",(B14*((((D14+'Costs'!$B$4)/60)*'Costs'!$B$3)+'Costs'!$B$5))) | H14: =IF($A14="","",(F14-G14)) | I14: =IF($A14="","",IFERROR((H14/F14),0))
F15: =IF($A15="","",(B15*E15)) | G15: =IF($A15="","",(B15*((((D15+'Costs'!$B$4)/60)*'Costs'!$B$3)+'Costs'!$B$5))) | H15: =IF($A15="","",(F15-G15)) | I15: =IF($A15="","",IFERROR((H15/F15),0))
F16: =IF($A16="","",(B16*E16)) | G16: =IF($A16="","",(B16*((((D16+'Costs'!$B$4)/60)*'Costs'!$B$3)+'Costs'!$B$5))) | H16: =IF($A16="","",(F16-G16)) | I16: =IF($A16="","",IFERROR((H16/F16),0))
F17: =IF($A17="","",(B17*E17)) | G17: =IF($A17="","",(B17*((((D17+'Costs'!$B$4)/60)*'Costs'!$B$3)+'Costs'!$B$5))) | H17: =IF($A17="","",(F17-G17)) | I17: =IF($A17="","",IFERROR((H17/F17),0))
F18: =IF($A18="","",(B18*E18)) | G18: =IF($A18="","",(B18*((((D18+'Costs'!$B$4)/60)*'Costs'!$B$3)+'Costs'!$B$5))) | H18: =IF($A18="","",(F18-G18)) | I18: =IF($A18="","",IFERROR((H18/F18),0))
... F201: =IF($A201="","",(B201*E201)) | G201: =IF($A201="","",(B201*((((D201+'Costs'!$B$4)/60)*'Costs'!$B$3)+'Costs'!$B$5))) | H201: =IF($A201="","",(F201-G201)) | I201: =IF($A201="","",IFERROR((H201/F201),0))

Sheet Costs
A1: Item | B1: Value | C1: Notes
A2: Costs
A3: Cost per hour | B3: 28 | C3: Labor, vehicle and insurance per working hour.
A4: Drive minutes per stop | B4: 8 | C4: Dense routes keep this low.
A5: Bags and disposal per visit | B5: 0.6
A6: One-time
A7: One-time cleanup (per hour) | B7: 75 | C7: Initial cleanups of neglected yards are priced by time.
